 Dungeon Crawl Stone Soup version 0.24-a0-549-g45f0056d81 (webtiles) character file.

Game seed: 10848825594250284452

77 MordorOrchid the Shooter (level 4, 0/54 HPs)
             Began as a Minotaur Wanderer on Aug 20, 2019.
             Was an Initiate of the Shining One.
             Slain by an orc
             ... wielding a +0 whip
              (2 damage)
             ... on level 2 of the Dungeon.
             The game lasted 00:04:33 (1321 turns).

MordorOrchid the Shooter (Minotaur Wanderer)        Turns: 1321, Time: 00:04:34

Health: 0/54       AC: 22    Str: 16    XL:     4   Next: 14%
Magic:  3/3        EV:  2    Int: 11    God:    the Shining One [......]
Gold:   105        SH:  0    Dex:  9    Spells: 2/3 levels left

rFire    . . .     SeeInvis .   a - +2 shortbow
rCold    . . .     Gourm    .   (shield currently unavailable)
rNeg     + + +     Faith    .   (armour currently unavailable)
rPois    +         Spirit   .   (helmet currently unavailable)
rElec    .         Reflect  .   (cloak currently unavailable)
rCorr    .         Harm     .   (gloves currently unavailable)
MR       .....     NoTele   +   (boots currently unavailable)
Stlth    +.........             (no amulet)
HPRegen  0.18/turn              (no ring)
MPRegen  0.08/turn              (no ring)

@: tree-form, glowing
A: (retaliatory headbutt)
a: Renounce Religion


You were on level 2 of the Dungeon.
You worshipped the Shining One.
The Shining One was noncommittal.
You were not hungry.
You were a tree.
You visited 1 branch of the dungeon, and saw 3 of its levels.

You collected 105 gold pieces.

Inventory:

Hand Weapons
 a - a +2 shortbow (weapon)
 e - a +0 dagger
Missiles
 b - 21 arrows (quivered)
 d - 29 poisoned darts
 h - 48 sling bullets
 t - 23 bolts
 v - 4 boomerangs
Armour
 f - a +0 robe
 i - a +0 leather armour
 o - a cursed +0 ring mail (melded)
Scrolls
 c - 3 scrolls of enchant weapon {unknown}
 j - a scroll of blinking
 l - 3 scrolls of fear {unknown}
 m - a scroll of magic mapping {unknown}
 n - a scroll of amnesia
 p - a scroll of remove curse {unknown}
 r - a scroll of immolation {unknown}
Potions
 u - a potion of heal wounds {unknown}
Comestibles
 g - 5 rations


   Skills:
 - Level 2.2 Fighting
 - Level 3.2 Bows
 - Level 1.0 Throwing
 * Level 3.2 Armour
   Level 1.2 Shields
 * Level 2.5 Unarmed Combat
   Level 1.2 Hexes
   Level 1.0 Air Magic


You had 2 spell levels left.
You knew the following spells:

 Your Spells              Type           Power        Failure   Level  Hunger
a - Sting                 Conj/Pois      #...         34%         1    ##.....

Your spell library contained the following spells:

 Spells                   Type           Power        Failure   Level  Hunger
 Stone Arrow              Conj/Erth      #.....       71%         3    ####...


Dungeon Overview and Level Annotations

Branches:
Dungeon (3/15)

Altars:
Hepliaklqana
Nemelex Xobeh
Xom
The Shining One


Innate Abilities, Weirdness & Mutations

((You reflexively headbutt those who attack you in melee.))
((You have a pair of horns on your head.))


Message History

Press: ? - help, Shift-Dir - straight line, f - orc
Aim: an orc, wielding a +0 whip You shoot an arrow.
The arrow hits the orc but does no damage.
The orc hits you but does no damage.
Firing (i - inventory. (/) - cycle)
b - 22 arrows (quivered)
Press: ? - help, Shift-Dir - straight line, f/p - orc
Aim: an orc, wielding a +0 whip You shoot an arrow.
The arrow closely misses the orc.
The orc hits you with a +0 whip.
* * * LOW HITPOINT WARNING * * *
Unknown command.
It was a potion of flight.
You feel very buoyant.
You fly up into the air.
The orc barely misses you.
Really quaff the potion of lignification?
You turn into a tree.
Your cursed +0 ring mail melds into your body.
Your roots penetrate the ground.
The orc hits you with a +0 whip.
You die...

#...[._...÷. #.#.......#.
######## ##.#..)....#.
#......# #..##.....##.
######.# #..####.####.
##'###............
#..(..'...######## ####
#)o.###...# #..####
#♣..###...# #.#.#.####
#####.'...# #...#..#.####
##.#...#
###.#...#...#.####..+...#
######
#.....#...#...))...##...#
#.....
#.#.#...#)..#)#######.###
#.#...
#.#...#..#.####.......#
#.#.## #.#.#.#.####
#.####### #.#.##
#.#.(#### #.# #.#...


You could see an orc.

Vanquished Creatures
  An orc priest (D:3)
  A worm (D:2)
  A dart slug (D:1)
  2 leopard geckos
  An orc (D:3)
  A ball python (D:2)
  2 bats
  A giant cockroach (D:1)
  7 goblins
  3 hobgoblins (D:1)
  5 jackals
  5 frilled lizards
  6 kobolds
  2 rats
38 creatures vanquished.

Notes
Turn   | Place    | Note
-------+----------+-------------------------------------------
     0 | D:1      | MordorOrchid the Minotaur Wanderer began the quest for the
                  | Orb.
     0 | D:1      | MordorOrchid set off with the following items: a +2
                  | shortbow, 28 arrows, 13 poisoned darts, a +0 dagger, a +0
                  | robe, a ration; and the following spell memorised: Sting;
                  | and the following spells available to memorise: Stone Arrow
     0 | D:1      | Reached XP level 1. HP: 16/16 MP: 0/0
    99 | D:1      | Reached skill level 1 in Unarmed Combat
   166 | D:1      | Reached XP level 2. HP: 22/23 MP: 1/1
   621 | D:2      | Found a glowing golden altar of the Shining One.
   648 | D:2      | Reached XP level 3. HP: 25/28 MP: 2/2
   667 | D:2      | Became a worshipper of the Shining One
   792 | D:2      | Found a shimmering altar of Xom.
   851 | D:2      | Found a shimmering altar of Xom.
   852 | D:2      | Found a shimmering altar of Xom.
   855 | D:2      | Found a shimmering altar of Xom.
   856 | D:2      | Found a shimmering altar of Xom.
   856 | D:2      | Found a shimmering altar of Xom.
   859 | D:2      | Found a shimmering altar of Xom.
   859 | D:2      | Found a shimmering altar of Xom.
   899 | D:2      | Found a sparkling altar of Nemelex Xobeh.
   899 | D:2      | Found a hazy altar of Hepliaklqana.
  1301 | D:3      | Reached XP level 4. HP: 14/36 MP: 3/3
  1319 | D:2      | HP: 1/36 [orc/+0 whip (2)]
  1321 | D:2      | Slain by an orc

Levels and vault maps discovered:
D:1:      lightli_iron_boxes, layout_rooms, corexii_item_surrounded_by_moat,
          minmay_strange_pillars, minmay_misc_feat_iff,
          hangedman_abyss_or_decor_lesser_grid
D:2:      minmay_spotlight, layout_basic, old_standard_altar,
          old_standard_altar, chequers_temple_overflow_statue_of_worship,
          first_ration, xom_redecorated
D:3:      layout_loops_cross, fiery_altar_vehumet, serial_forest,
          infiniplex_forest_clump_curved, infiniplex_forest_lined_corner,
          infiniplex_forest_straight_3, infiniplex_forest_straight_2,
          infiniplex_forest_straight_2, infiniplex_forest_clump_small,
          infiniplex_forest_lined_2, infiniplex_forest_zigzag_2

Skill      XL: |  1  2  3 |
---------------+----------+-----
Unarmed Combat | 1 2 |  2.5
Armour         | 2 3 |  3.2
Fighting       | 2 |  2.2
Bows           | |  3.2
Throwing       | |  1.0
Shields        | |  1.2
Hexes          | |  1.2
Air Magic      | |  1.0

Action                   |  1- 3 |  4- 6 || total
-------------------------+-------+-------++-------
 Fire: Shortbow          |   111 |     5 ||   116
  Use: Scroll            |     5 |       ||     5
       Potion            |       |     3 ||     3
  Eat: Chunk             |     1 |       ||     1
Armor: Leather armour    |    15 |       ||    15
       Robe              |     1 |       ||     1
       Ring mail         |     3 |     2 ||     5
Dodge: Dodged            |    23 |     3 ||    26

Table legend:
 A = Non-vault XP
 B = Vault XP
 C = Vault XP percentage of total XP
 D = Non-vault monster count
 E = Vault monster count
 F = Vault count percentage of total count
                 A         B        C        D         E       F
            +---------+---------+-------+---------+---------+-------
      Total |     100 |      11 |   9.9 |      33 |       5 |  13.2
            +---------+---------+-------+---------+---------+-------
        D:1 |      32 |       0 |   0.0 |      17 |       0 |   0.0
        D:2 |      24 |      11 |  31.4 |      14 |       5 |  26.3
        D:3 |      44 |       0 |   0.0 |       2 |       0 |   0.0
            +---------+---------+-------+---------+---------+-------
